 Dungeon Crawl Stone Soup version 0.18-a0-1372-gd644665 (webtiles) character file.

32 wvc the Changer (level 3, -3/28 HPs)
             Began as a Draconian Transmuter on Feb 21, 2016.
             Slain by Crazy Yiuf
             ... wielding a +4 quarterstaff of chaos
              (10 damage)
             ... on level 2 of the Dungeon.
             The game lasted 00:02:06 (1399 turns).

wvc the Changer (Draconian Transmuter)              Turns: 1399, Time: 00:02:06

Health: -3/28      AC:  5    Str: 12    XL:     3   Next: 10%
Magic:  5/6        EV: 12    Int: 14    God:
Gold:   119        SH:  0    Dex: 11    Spells: 1 memorised, 6 levels left

rFire  . . .     SeeInvis .       - Unarmed
rCold  . . .     Gourm    .     (armour unavailable)
rNeg   . . .     Faith    .     (no shield)
rPois  .         Spirit   .     (helmet restricted)
rElec  .         Dismiss  .     (no cloak)
rCorr  .         Reflect  .     (no gloves)
SustAt .         Harm     .     (no boots)
MR     .....                    (no amulet)
Stlth  +.........               (no ring)
                                (no ring)

@: appendage (expiring), drained, not resistant to hostile enchantments, very
unstealthy
A: unfitting armour, horns 2, cold-blooded, AC +5
a: End Transformation


You were on level 2 of the Dungeon.
You were hungry.
You had grown temporary horns.
You visited 1 branch of the dungeon, and saw 2 of its levels.

You collected 119 gold pieces.

Inventory:

Missiles
 a - 31 arrows
Scrolls
 d - 2 scrolls of enchant weapon {unknown}
 h - a scroll of remove curse {unknown}
 i - a scroll of identify {unknown}
 j - a scroll of magic mapping {unknown}
 k - a scroll of noise {unknown}
Potions
 e - 3 potions of curing {unknown}
 f - a potion of cure mutation {unknown}
Books
 b - a book of Changes

   Spells                             Type                      Level
   a - Beastly Appendage              Transmutation                1
   b - Sticks to Snakes               Transmutation                2
   c - Spider Form                    Transmutation/Poison         3
   d - Ice Form                       Ice/Transmutation            4
   e - Blade Hands                    Transmutation                5
Comestibles
 c - 3 bread rations
 g - a meat ration


   Skills:
 - Level 1.1(0.7) Fighting
 - Level 1.7(1.4) Dodging
 - Level 3.0(2.6) Unarmed Combat
 + Level 2.5(2.1) Spellcasting
 * Level 3.1(2.7) Transmutations


You had 6 spell levels left.
You knew the following spells:

 Your Spells              Type           Power        Failure   Level  Hunger
a - Beastly Appendage     Trmt           #.....       10%         1    #......


Dungeon Overview and Level Annotations

Branches:
Dungeon (2/15)

Altars:
Dithmenos
The Shining One

Annotations:
D:2 Crazy Yiuf


Innate Abilities, Weirdness & Mutations

Your plain brown scales are hard (AC +5).
Your body does not fit into most forms of armour.
You are cold-blooded and may be slowed by cold attacks.
You have a pair of horns on your head.


Message History

Crazy Yiuf says, "Crazy?
Crazy!?
PORCUPINE!"
Crazy Yiuf hits you with a quarterstaff of chaos!
Ouch! That really hurt!
You feel drained.
You hit Crazy Yiuf. You headbutt Crazy Yiuf!
You tail-slap Crazy Yiuf, but do no damage.
Crazy Yiuf is heavily wounded.
Crazy Yiuf barely misses you.
You hit Crazy Yiuf but do no damage. Your headbutt misses Crazy Yiuf.
Crazy Yiuf is heavily wounded.
Your transformation is almost over.
Crazy Yiuf hits you with a quarterstaff of chaos.
* * * LOW HITPOINT WARNING * * *
You hit Crazy Yiuf.
Crazy Yiuf is heavily wounded.
Crazy Yiuf misses you.
You hit Crazy Yiuf.
Crazy Yiuf is severely wounded.
Crazy Yiuf hits you with a quarterstaff of chaos!
You die...

#........#
#....###.##
#..^.# #..#
#...## #..#
##...# #..#
##.##
#..##### ##.#
#......# #.##
#......# #@#
#......# #g##
#......######
#.
#............
#### ..
#......#####.
##... #..
#......#### .
.... #).
#...#.....##.
#..# ###
###.......##.
#..#
##......##.
#..# ###
#......##.


You could see Crazy Yiuf.

Vanquished Creatures
  A giant gecko (D:2)
  2 giant cockroaches
  4 goblins
  4 hobgoblins
  2 jackals (D:1)
  2 kobolds (D:2)
  A ball python (D:1)
  5 bats
  3 giant newts
  3 rats
27 creatures vanquished.

Notes
Turn   | Place    | Note
--------------------------------------------------------------
     0 | D:1      | wvc the Draconian Transmuter began the quest for the Orb.
     0 | D:1      | Reached XP level 1. HP: 16/16 MP: 3/3
   520 | D:1      | Reached XP level 2. HP: 23/23 MP: 3/5
  1106 | D:2      | Reached XP level 3. HP: 13/28 MP: 6/6
  1291 | D:2      | Found a glowing golden altar of the Shining One.
  1324 | D:2      | Found a shadowy altar of Dithmenos.
  1391 | D:2      | Noticed Crazy Yiuf
  1399 | D:2      | Slain by Crazy Yiuf

Vault maps used:
D:1:      eino_arrival_cavern_a
D:2:      vehumet_crystals, grunt_dithmenos_smoke, led_sif_pool, tso_metal_star,
          uniq_crazy_yiuf_cottage

Action                   || total
-------------------------++-------
Melee: Unarmed           ||   115
 Cast: Beastly Appendage ||    14
 Stab: Sleeping          ||     2
  Eat: Chunk             ||     1
